 Dungeon Crawl Stone Soup version 0.18-a0-1163-g98183fe (webtiles) character file.

146 TerapinKing the Bolt Thrower (level 5, -2/31 HPs)
             Began as a Kobold Hunter on Jan 24, 2016.
             Was an Initiate of Dithmenos.
             Slain by Sodium1970's ghost (14 damage)
             ... on level 3 of the Dungeon.
             The game lasted 00:13:17 (1850 turns).

TerapinKing the Bolt Thrower (Kobold Hunter)        Turns: 1850, Time: 00:13:17

Health: -2/31      AC:  3    Str: 11    XL:     5   Next: 53%
Magic:  5/5        EV: 15    Int:  9    God:    Dithmenos [......]
Gold:   94         SH:  0    Dex: 17    Spells: 0 memorised, 4 levels left

rFire  . . .     SeeInvis .     l - +1 flail (venom)
rCold  . . .     Gourm    .     c - +0 leather armour
rNeg   . . .     Faith    .     (shield restricted)
rPois  .         Spirit   .     (no helmet)
rElec  .         Dismiss  .     (no cloak)
rCorr  +         Reflect  .     (no gloves)
SustAt .         Harm     .     (no boots)
MR     .....                    (no amulet)
Stlth  ++........               (no ring)
                                g - ring of resist corrosion

@: not resistant to hostile enchantments, unstealthy
A: carnivore 3
a: Renounce Religion


You were on level 3 of the Dungeon.
You worshipped Dithmenos.
Dithmenos was noncommittal.
You were not hungry.

You visited 1 branch of the dungeon, and saw 3 of its levels.

You collected 94 gold pieces.

Inventory:

Hand Weapons
 a - a +2 hand crossbow
 b - a +0 short sword
 l - a +1 flail of venom (weapon)
Missiles
 d - 14 bolts
Armour
 c - a +0 leather armour (worn)
Jewellery
 g - a ring of resist corrosion (left hand)
Scrolls
 k - a scroll of recharging {unknown}
Potions
 e - 2 potions of agility
 n - a potion of brilliance
Comestibles
 f - 2 meat rations
 j - a bread ration


   Skills:
 + Level 2.3 Fighting
 + Level 7.1 Crossbows
 + Level 1.0 Armour
 + Level 2.8 Dodging
 + Level 1.5 Stealth


You had 4 spell levels left.
You didn't know any spells.

Dungeon Overview and Level Annotations

Branches:
Dungeon (3/15)

Altars:
Cheibriados
Dithmenos
Nemelex Xobeh

Annotations:
D:3 Sodium1970's ghost, amateur HuFi


Innate Abilities, Weirdness & Mutations

You are small and have problems with some larger weapons.
You are carnivorous and can eat meat at any time.


Message History

You hit Sodium1970's ghost but do no damage.
Sodium1970's ghost is moderately damaged.
Sodium1970's ghost hits you!
You barely miss Sodium1970's ghost.
Sodium1970's ghost is moderately damaged.
Sodium1970's ghost barely misses you.
You hit Sodium1970's ghost.
Sodium1970's ghost is heavily damaged.
Sodium1970's ghost misses you.
Sodium1970's ghost hits you but does no damage.
You hit Sodium1970's ghost.
Sodium1970's ghost is heavily damaged.
Sodium1970's ghost hits you.
You barely miss Sodium1970's ghost.
Sodium1970's ghost is heavily damaged.
Sodium1970's ghost hits you!
* * * LOW HITPOINT WARNING * * *
Sodium1970's ghost closely misses you.
You feel better. Sodium1970's ghost hits you!
You die...

..#..##..###.....#
#..###......>..†b#.#.##
.(............†......#
..........#b...#.#.##
....####.#.........#
#..P# #.#.##.#.#.##
#... #.#.##.>....# .
#..#####.#.##.#.#.##
..####(.W@.(#
#.##......#
#...PP.(#...#
#.##.#.#.###
.....((.#...#
..##.......#
..####..##+##
..##.#.#.#.# # #..#...#
#. #.......# #..#.⌠.#
#.#. #.#.#.#.#
#..'...####.#.
#.......#
#####........#
#.#)#.#.# #..#........#
#..††...#


You could see Sodium1970's ghost.

Vanquished Creatures
  An orc wizard (D:3)
  3 gnolls (D:2)
  2 adders (D:2)
  An ooze (D:1)
  2 giant geckos
  5 orcs (D:3)
  4 giant cockroaches
  8 goblins
  7 hobgoblins
  5 jackals
  2 kobolds
  A quokka (D:2)
  2 ball pythons
  6 bats
  3 giant newts
  5 rats
57 creatures vanquished.

Notes
Turn   | Place    | Note
--------------------------------------------------------------
     0 | D:1      | TerapinKing the Kobold Hunter began the quest for the Orb.
     0 | D:1      | Reached XP level 1. HP: 12/12 MP: 1/1
    22 | D:1      | Reached skill level 5 in Crossbows
    22 | D:1      | Reached XP level 2. HP: 17/17 MP: 2/2
   350 | D:1      | Reached XP level 3. HP: 21/21 MP: 3/3
   601 | D:2      | Reached skill level 6 in Crossbows
   795 | D:2      | Reached XP level 4. HP: 26/26 MP: 4/4
   825 | D:2      | Found a sparkling altar of Nemelex Xobeh.
  1286 | D:3      | Found a snail-covered altar of Cheibriados.
  1334 | D:3      | Found a shadowy altar of Dithmenos.
  1337 | D:3      | Became a worshipper of Dithmenos the Shadowed
  1360 | D:3      | Reached XP level 5. HP: 26/30 MP: 5/5
  1430 | D:3      | Reached skill level 7 in Crossbows
  1430 | D:3      | Reached skill level 1 in Armour
  1836 | D:3      | Noticed Sodium1970's ghost (amateur HuFi)
  1850 | D:3      | Slain by Sodium1970's ghost

Vault maps used:
D:1:      minmay_arrival_shattered_statue
D:2:      nemelex_xobeh_ov_fountains_minmay
D:3:      corexii_shack_village, lemuel_doored_altar,
          grunt_dithmenos_smoke_and_mirrors, nicolae_overflow_hidden_temple,
          marbit_many_paths, st_stairs_13

Action                   |  1- 3 |  4- 6 || total
-------------------------+-------+-------++-------
Melee: Short sword       |       |     8 ||     8
       Flail             |       |    24 ||    24
 Fire: Hand crossbow     |    56 |    46 ||   102
  Use: Potion            |     3 |     4 ||     7
       Scroll            |     1 |     3 ||     4
  Eat: Meat ration       |       |     1 ||     1
